 Dungeon Crawl Stone Soup version 0.30-a0-6-g7c9e10e132 (webtiles) character file.

Game seed: 1822490986637689996

315 Setbun the Magician (level 6, -3/40 HPs)
             Began as a Djinni Fire Elementalist on Aug 22, 2022.
             Slain by Duvessa
             ... wielding a +1 short sword of venom
              (11 damage)
             ... on level 4 of the Dungeon.
             The game lasted 00:04:20 (5533 turns).

Setbun the Magician (Djinni Fire Elementalist)      Turns: 5533, Time: 00:04:21

Health: -3/40      AC:  2    Str:  7    XL:     6   Next: 72%
Gold:   113        EV: 16    Int: 19    God:
                   SH:  0    Dex: 13

rFire   + + .      SeeInvis .    (no weapon)
rCold   x . .      Faith    .    (no shield)
rNeg    . . .      Spirit   .    a - +0 robe
rPois   ∞          Reflect  .    (no helmet)
rElec   .          Harm     .    (no cloak)
rCorr   .          Rampage  .    (no gloves)
Will    .....                    (boots unavailable)
Stlth   ++........               (no amulet)
HPRegen 0.13/turn                c - +4 ring of evasion
MPRegen 0.00/turn                (no ring)

@: flying
A: sickness immunity, fire resistance 2, cold vulnerability 1, float, innate
caster, HP casting, extra vitality 1
a: no special abilities


You were on level 4 of the Dungeon.
You visited 1 branch of the dungeon, and saw 4 of its levels.

You collected 113 gold pieces.

Inventory:

Missiles
 y - a throwing net
Armour
 a - a +0 robe (worn)
Jewellery
 c - a +4 ring of evasion (left hand)
Scrolls
 b - a scroll of enchant weapon {unknown}
 d - 2 scrolls of silence {unknown}
 e - a scroll of amnesia {unknown}
 g - 2 scrolls of identify {unknown}
 k - a scroll of immolation {unknown}
 m - 2 scrolls of noise {unknown}
 n - a scroll of acquirement {unknown}
 o - a scroll of fear {unknown}
 q - a scroll of summoning {unknown}
 r - a scroll of torment {unknown}
 v - 2 scrolls of poison {unknown}
 z - a scroll of magic mapping {unknown}
Potions
 f - a potion of curing
 i - 2 potions of ambrosia {unknown}
 j - a potion of cancellation {unknown}
 l - 2 potions of heal wounds {unknown}
 p - a potion of brilliance {unknown}
 s - a potion of lignification {unknown}
 t - a potion of degeneration {unknown}
 u - a potion of resistance {unknown}
 w - a potion of invisibility {unknown}
 x - a potion of might {unknown}


   Skills:
 + Level 2.4 Dodging
 + Level 3.0 Stealth
 + Level 4.8 Spellcasting


You couldn't memorise any spells.
You knew the following spells:

 Your Spells              Type           Power      Damage    Failure   Level
a - Foxfire               Conj/Fire      92%        2x1d8     1%          1
b - Scorch                Fire           46%        2d7       2%          2
c - Conjure Flame         Conj/Fire      23%        6-21      4%          3
d - Inner Flame           Hex/Fire       23%        N/A       4%          3
e - Flame Wave            Conj/Fire      23%        2d8       17%         4
f - Beastly Appendage     Tmut           46%        N/A       1%          1
g - Wereblood             Tmut           23%        N/A       2%          2
Your spell library was empty.

Dungeon Overview and Level Annotations

Branches:
Dungeon (4/15)
 Temple: D:4-7

Altars:
Okawaru

Annotations:
D:4 Duvessa


Innate Abilities, Weirdness & Mutations

You are immune to sickness and miasma.
You are immune to poison.
Your flesh is very heat resistant. (rF++)
You are vulnerable to cold. (rC-)
You float through the air rather than walking.
You learn spells naturally, not from books.
Your magical power is your life essence.
You have superior vitality. (+4 MHP)


Message History

You hit the bat zombie but do no damage.
The foxfire hits the bat zombie.
The bat zombie is severely damaged.
The bat zombie completely misses you. x2; The bat zombie misses you.
You conjure some foxfire!
The bat zombie closely misses you. x2
The bat zombie misses you.
You hit the bat zombie.
The bat zombie is almost destroyed.
The foxfire hits the bat zombie.
You destroy the bat zombie!
Found an ancient bone altar of Kikubaaqudgha.
You now have 113 gold pieces (gained 7).
Things that are here:
a +0 dagger; a +0 robe; the elf corpse of Dowan
Found a stone staircase leading up.
Duvessa, Sister of Dowan comes into view.
She is wielding a +1 short sword of venom and wearing a +3 leather armour of willpower.
You conjure some foxfire!
Duvessa shouts!
Duvessa goes berserk!
Your foxfire dissipates!
The foxfire hits Duvessa but does no damage.
You conjure some foxfire!
The foxfire hits Duvessa.
Duvessa is lightly wounded.
Your foxfire dissipates!
Duvessa attacks as you move away!
Duvessa hits you with a +1 short sword of venom!
Duvessa hits you but does no damage. Duvessa misses you.
Duvessa attacks as you move away!
Duvessa hits you with a +1 short sword of venom.
Duvessa hits you with a +1 short sword of venom!
Duvessa rages.
Duvessa hits you with a +1 short sword of venom!
* * * LOW HITPOINT WARNING * * *
Things that are here:
a +0 dagger; a +0 robe; the elf corpse of Dowan It was a potion of flight.
You feel more buoyant.
Duvessa hits you with a +1 short sword of venom!
You die...

##.#.#...#
#...##≈...≈#
#.......##
#...##≈...≈#
#.......#
#...##≈...≈#
#.......#
##.###≈...≈#
#.......# #.#
#≈...≈#
#.......# #.#
#≈...≈#
#.......# #.#
###.###
#.......#
#####.# #.#
#########
#...e@### #.#
#.###...###.#
#.# ###.....#
#.# #######
#.#
#.#.#######.#
#...........#
..<..#########
###


You could see Duvessa (berserk).

Vanquished Creatures
  Dowan (D:4)
  A jelly (D:3)
  An iguana (D:3)
  Robin (D:3)
  8 gnolls (D:4)
  3 adders
  3 dart slugs
  7 ball pythons
  3 bats (D:2)
  A bat zombie (D:4)
  4 endoplasms
  3 giant cockroaches
  18 goblins
  6 hobgoblins
  9 jackals (D:3)
  4 kobolds
  5 quokkas
  A frilled lizard (D:3)
  5 rats
  A rat zombie (D:4)
85 creatures vanquished.

Vanquished Creatures (others)
  481 foxfires
481 creatures vanquished.

Grand Total: 566 creatures vanquished

Notes
Turn   | Place    | Note
-------+----------+-------------------------------------------
     0 | D:1      | Setbun the Djinni Fire Elementalist began the quest for the
                  | Orb.
     0 | D:1      | Setbun set off with the following spells memorised:
                  | Foxfire, Scorch, Conjure Flame, Inner Flame, Flame Wave.
     0 | D:1      | Reached XP level 1. HP: 15/15 MP: 0/0
   362 | D:1      | Reached XP level 2. HP: 18/21 MP: 0/0
   659 | D:1      | Found a faded altar of an unknown god.
   953 | D:1      | Reached skill level 3 in Spellcasting
  1098 | D:1      | Reached XP level 3. HP: 23/25 MP: 0/0
  1098 | D:1      | Learned a level 1 spell: Beastly Appendage
  2667 | D:3      | Found an iron altar of Okawaru.
  2698 | D:3      | Reached XP level 4. HP: 24/31 MP: 0/0
  3246 | D:3      | Noticed Robin
  3257 | D:3      | Killed Robin
  3258 | D:3      | Reached XP level 5. HP: 2/35 MP: 0/0
  3258 | D:3      | Learned a level 2 spell: Wereblood
  4055 | D:3      | Reached skill level 4 in Spellcasting
  4805 | D:4      | Reached XP level 6. HP: 30/40 MP: 0/0
  5362 | D:4      | Noticed Dowan
  5368 | D:4      | Killed Dowan
  5516 | D:4      | Noticed Duvessa
  5533 | D:4      | Slain by Duvessa

Illustrated notes

Levels and vault maps discovered:
D:1:      dpeg_arrival_long_road, layout_rooms,
          nicolae_ecumenical_snake_handling
D:2:      layout_rooms
D:3:      kennysheep_goblin_castle, layout_basic,
          mainiacjoe_overflow_concentric_impassable,
          nicolae_sif_muna_little_library
D:4:      layout_loops_cross, lemuel_zombie_altar_kikubaaqudgha, uniq_duvessa

Skill      XL: |  1  2  3  4  5  6 |
---------------+-------------------+-----
Spellcasting   | 3 4 |  4.8
Stealth        | 2 3 |  3.0
Dodging        | |  2.4

Action                   |  1- 3 |  4- 6 || total
-------------------------+-------+-------++-------
Melee: Unarmed           |     1 |     3 ||     4
 Cast: Foxfire           |   135 |   183 ||   318
       Wereblood         |       |     2 ||     2
  Use: Potion            |       |     1 ||     1
Armor: Robe              |     1 |     9 ||    10
Dodge: Dodged            |     2 |    42 ||    44

Table legend: (Time is in decaauts)
 A = Elapsed time spent in this place.
 B = Non-inter-level travel time spent in this place.
 C = Inter-level travel time spent in this place.
 D = Time resting spent in this place.
 E = Time spent auto-exploring this place.
 F = Levels seen in this place.
 G = Mean time per level.
                   A        B        C        D        E       F      G
               +--------+--------+--------+--------+--------+-----+--------+
         Total |   5534 |   5477 |     57 |    543 |   4412 |   4 | 1383.5 |
       Dungeon |   5534 |   5477 |     57 |    543 |   4412 |   4 | 1383.5 |
               +--------+--------+--------+--------+--------+-----+--------+

Top non-repeatable levels by time:
     D:3: 2267 daAuts
     D:2: 1264 daAuts
     D:1: 1197 daAuts
     D:4: 805 daAuts
